 Dungeon Crawl Stone Soup version 0.20-a0-1124-g2e29d97 (webtiles) character file.

2575 Engwar the Cleaver (level 9, -7/81 HPs)
             Began as a Deep Dwarf Fighter on May 16, 2017.
             Mangled by a two-headed ogre
             ... wielding a +0 giant club
              (11 damage)
             ... on level 8 of the Dungeon.
             The game lasted 00:25:42 (6482 turns).

Engwar the Cleaver (Deep Dwarf Fighter)             Turns: 6482, Time: 00:25:42

Health: -7/81      AC: 17    Str: 21    XL:     9   Next: 32%
Magic:  6/6        EV:  8    Int: 11    God:
Gold:   206        SH:  0    Dex: 12    Spells: 8/8 levels left

rFire    + . .     SeeInvis .   g - +0 battleaxe
rCold    . . .     Gourm    .   (shield currently unavailable)
rNeg     . . .     Faith    .   h - +1 plate armour
rPois    .         Spirit   .   (no helmet)
rElec    .         Reflect  .   (no cloak)
rCorr    .         Harm     .   t - +1 pair of gloves
MR       +....                  (no boots)
Stlth    ..........             (no amulet)
Regen    0.0/turn               e - ring of protection from fire
MPRegen  0.1/turn               c - +1 ring of protection

@: non-regenerating
A: damage resistance, heal wounds, sense surroundings 2, no regeneration
a: Heal Wounds


You were on level 8 of the Dungeon.
You were not hungry.

You visited 2 branches of the dungeon, and saw 9 of its levels.

You collected 362 gold pieces.
You spent 156 gold pieces at shops.

Inventory:

Hand Weapons
 g - a +0 battleaxe (weapon)
Missiles
 b - 8 needles of frenzy
 u - 33 poisoned needles
 D - 4 tomahawks (quivered)
Armour
 h - a +1 plate armour (worn)
 t - a +1 pair of gloves (worn)
Jewellery
 c - a +1 ring of protection (right hand)
 e - a ring of protection from fire (left hand)
 i - an uncursed ring of see invisible
 k - an uncursed ring of wizardry
Wands
 H - a wand of enslavement (7/24)
 I - a wand of random effects (28/48)
Scrolls
 d - a scroll of magic mapping {unknown}
 l - a scroll of fog
 v - 2 scrolls of remove curse {unknown}
 x - a scroll of enchant weapon {unknown}
 y - a scroll of enchant armour
 A - a scroll of blinking {unknown}
 B - a scroll of amnesia {unknown}
 E - 5 scrolls of fear {unknown}
 K - 3 scrolls of identify
Potions
 j - 2 potions of cancellation
 m - a potion of brilliance
 n - 2 potions of flight {unknown}
 p - a potion of resistance {unknown}
 q - 3 potions of curing
 s - 2 potions of mutation
 w - a potion of berserk rage {unknown}
 z - a potion of agility {unknown}
 F - a potion of ambrosia {unknown}
 J - a potion of haste
 L - a potion of magic {unknown}
Books
 a - a book of Flames

   Spells                             Type                      Level
   a - Flame Tongue                   Conjuration/Fire             1
   b - Throw Flame                    Conjuration/Fire             2
   c - Conjure Flame                  Conjuration/Fire             3
   d - Inner Flame                    Hexes/Fire                   3
   e - Sticky Flame                   Conjuration/Fire             4
   f - Fireball                       Conjuration/Fire             5
 G - a book of Air

   Spells                             Type                      Level
   a - Shock                          Conjuration/Air              1
   b - Swiftness                      Charms/Air                   2
   c - Static Discharge               Conjuration/Air              3
   d - Airstrike                      Air                          4
   e - Lightning Bolt                 Conjuration/Air              5
Comestibles
 f - 3 bread rations
 o - 2 fruits
 r - 2 meat rations
 C - a royal jelly
 M - a chunk of flesh


   Skills:
 + Level 5.5 Fighting
 * Level 9.0 Axes
 - Level 2.0 Throwing
 + Level 6.9 Armour
 - Level 4.3 Dodging
   Level 4.7 Shields
 + Level 2.3 Evocations


You had 8 spell levels left.
You didn't know any spells.

Dungeon Overview and Level Annotations

Branches:
Dungeon (8/15)             Temple (1/1) D:6
   Lair: D:8-11

Altars:
Ashenzari
Cheibriados
Dithmenos
Elyvilon
Fedhas
Hepliaklqana
Kikubaaqudgha
Nemelex Xobeh
Okawaru
Qazlal
Ru
Sif Muna
Trog
Uskayaw
Vehumet
Wu Jian
Xom
Yredelemnul
Zin

Shops:
D:4 !


Innate Abilities, Weirdness & Mutations

You are resistant to damage.
You can heal yourself by infusing magical energy.
You passively map the area around you.
You do not regenerate.


Message History

The two-headed ogre is severely wounded.
You slash the two-headed ogre!
The two-headed ogre is almost dead.
The two-headed ogre seems less confused.
The two-headed ogre barely misses you. The two-headed ogre misses you.
You closely miss the two-headed ogre.
The two-headed ogre is almost dead.
The two-headed ogre hits you with a giant club.
The two-headed ogre hits you with a giant spiked club!
You hit the two-headed ogre.
The two-headed ogre is almost dead.
The two-headed ogre hits you with a giant club!!
* * * LOW HITPOINT WARNING * * *
The two-headed ogre closely misses you.
You hit the two-headed ogre but do no damage.
The two-headed ogre is almost dead.
The two-headed ogre hits you with a giant club!!
* * * LOW HITPOINT WARNING * * *
The two-headed ogre hits you with a giant spiked club!
You die...

, #..........#######.###)#.##
*,*#.###+###..# .......)...†
* #.###.#....###.###.....#.##
*..#...............##..<..#.#
.............###..##.....#.#
..#..##.###..###..##.....#.#*
* **
#..#...................#... ,
............O..........##..#
* * .#..#..###.@###..#.....
#.. ,....#..# #..# # , **,
*..#. #.......# * * ,* .,#
........# *, * ,, ,
..........,, , *,,
###..###.>## , , ,, * , ...
...# , , , * * #. #..#* ,,,
,,,, * , , *


You could see a two-headed ogre.

Vanquished Creatures
  A hornet (D:7)
  The ghost of loom the Bolt Thrower, an amateur KoHu of Okawaru (D:4)
  Menkaure (D:7)
  Duvessa (D:7)
  An ice beast (D:5)
  2 ogres
  A phantom (D:7)
  A centaur (D:5)
  3 bullfrogs
  Dowan (D:7)
  2 scorpions
  2 bullfrog zombies (D:5)
  5 orc priests
  4 jellies
  7 orc wizards
  A centaur skeleton (D:7)
  4 hounds
  3 iguanas
  8 worker ants
  A hound skeleton (D:7)
  A hound zombie (D:6)
  5 adders
  An ooze (D:6)
  An adder zombie (D:4)
  5 worms
  5 dart slugs
  5 leopard geckos
  32 orcs
  5 giant cockroaches
  10 goblins
  8 hobgoblins
  15 jackals
  7 quokkas
  3 ball pythons
  6 bats
  8 frilled lizards
  6 kobolds
  A quokka skeleton (D:5)
  7 rats
  A plant (D:3)
182 creatures vanquished.

Notes
Turn   | Place    | Note
-------+----------+-------------------------------------------
     0 | D:1      | Engwar the Deep Dwarf Fighter began the quest for the Orb.
     0 | D:1      | Reached XP level 1. HP: 20/20 MP: 1/1
   191 | D:1      | Reached XP level 2. HP: 16/27 MP: 2/2
   953 | D:2      | Reached skill level 3 in Axes
   953 | D:2      | Reached XP level 3. HP: 16/33 MP: 3/3
  1094 | D:2      | Reached skill level 1 in Dodging
  1214 | D:2      | Found a stormy altar of Qazlal.
  1233 | D:2      | Found a blossoming altar of Fedhas.
  1390 | D:2      | Found an ancient bone altar of Kikubaaqudgha.
  1612 | D:2      | Reached XP level 4. HP: 32/42 MP: 4/4
  1848 | D:3      | Found a shimmering altar of Xom.
  2637 | D:3      | Reached XP level 5. HP: 37/49 MP: 4/4
  2696 | D:3      | Reached skill level 4 in Axes
  2950 | D:4      | Found a hazy altar of Hepliaklqana.
  2992 | D:4      | Noticed a phantom
  3020 | D:4      | Reached XP level 6. HP: 33/56 MP: 5/5
  3265 | D:4      | Reached skill level 5 in Axes
  3351 | D:4      | Found Tamyanall's Distillery.
  3359 | D:4      | Bought a potion of heal wounds for 65 gold pieces
  3359 | D:4      | Bought a potion of degeneration for 13 gold pieces
  3359 | D:4      | Bought a potion of curing for 39 gold pieces
  3359 | D:4      | Bought a potion of curing for 39 gold pieces
  3510 | D:4      | Noticed loom's ghost (amateur KoHu)
  3712 | D:4      | Killed loom's ghost
  3712 | D:4      | Reached XP level 7. HP: 31/64 MP: 6/6
  3854 | D:4      | Reached skill level 5 in Armour
  3884 | D:5      | Entered Level 5 of the Dungeon
  3936 | D:5      | Reached skill level 6 in Axes
  4047 | D:5      | Found a bloodstained altar of Trog.
  4117 | D:5      | Found a snail-covered altar of Cheibriados.
  4243 | D:5      | Reached skill level 1 in Throwing
  4310 | D:5      | Reached XP level 8. HP: 30/73 MP: 7/7
  4806 | D:5      | Reached skill level 7 in Axes
  4967 | D:6      | Found a staircase to the Ecumenical Temple.
  5032 | Temple   | Entered the Ecumenical Temple
  5601 | D:7      | Noticed Menkaure
  5610 | D:7      | Killed Menkaure
  5610 | D:7      | Reached skill level 5 in Fighting
  5612 | D:7      | Reached skill level 8 in Axes
  5691 | D:7      | Found a sacrificial altar of Ru.
  5801 | D:7      | Found a snail-covered altar of Cheibriados.
  5852 | D:7      | Noticed Dowan
  5872 | D:7      | Killed Dowan
  5883 | D:7      | Noticed Duvessa
  5902 | D:7      | Killed Duvessa
  5902 | D:7      | Reached skill level 1 in Evocations
  5902 | D:7      | Gained mutation: You passively map the area around you. [Deep Dwarf growth]
  5902 | D:7      | Reached XP level 9. HP: 39/81 MP: 7/7
  6090 | D:7      | Paralysed by a hornet for 1 turns
  6093 | D:7      | Paralysed by a hornet for 3 turns
  6267 | D:8      | Found an iron altar of Okawaru.
  6448 | D:8      | Reached skill level 9 in Axes
  6465 | D:8      | Noticed a two-headed ogre
  6482 | D:8      | HP: 4/81 [two-headed ogre/giant club (17)]
  6482 | D:8      | Mangled by a two-headed ogre

Vault maps used:
D:1:      dpeg_arrival_round_c, minmay_statues_item, serial_park_tiny_pond
D:2:      grunt_temple_overflow_forces_of_nature, lemuel_coloured_pillars_altar,
          first_bread
D:3:      wad_woods_stonehenge
D:4:      old_standard_altar, serial_shops, shop
D:5:      cheibrodos_worm_habitat, kennysheep_little_box
D:6:      minmay_temple_entry_enclosed_plants, kennysheep_another_room
D:7:      basic_altar, nicolae_ru_sacrificial_ziggurat, uniq_menkaure,
          uniq_duvessa
D:8:      okawaru_trees_1, chequers_temple_overflow_statue_of_worship
Temple:   minmay_temple_bridge_abc

Skill      XL: |  1  2  3  4  5  6  7  8  9 |
---------------+----------------------------+-----
Axes           | 3 4 5 6 8 9 |  9.0
Fighting       | 3 4 5 |  5.5
Dodging        | 1 2 4 |  4.3
Armour         | 4 5 6 |  6.9
Shields        | 4 |  4.7
Throwing       | 1 2 |  2.0
Evocations     | 1 2 |  2.3

Action                   |  1- 3 |  4- 6 |  7- 9 || total
-------------------------+-------+-------+-------++-------
Melee: War axe           |   180 |   310 |    83 ||   573
       Battleaxe         |       |       |   250 ||   250
Throw: Tomahawk          |       |       |     5 ||     5
 Abil: Heal Wounds       |     1 |     2 |     8 ||    11
Evoke: Wand              |       |       |     3 ||     3
  Use: Scroll            |       |     5 |     2 ||     7
       Potion            |       |     5 |     4 ||     9
 Stab: Confused          |       |       |     2 ||     2
  Eat: Chunk             |     2 |     6 |     8 ||    16
       Royal jelly       |       |     1 |       ||     1
       Fruit             |       |       |     2 ||     2
Armor: Plate armour      |   173 |   203 |   253 ||   629
       Scale mail        |     3 |       |       ||     3
Dodge: Dodged            |    70 |    66 |   108 ||   244
Block: Shield            |       |   112 |    35 ||   147
